[Event "*** Titled Tuesday Blitz"]
[Site "Chess.com"]
[Date "2020.05.26"]
[Round "2"]
[White "KNVB"]
[Black "Quattroporte300"]
[Result "1-0"]
[WhiteElo "2775"]
[BlackElo "2310"]
[TimeControl "180+1"]
[EndTime "10:18:11 PDT"]
[Termination "KNVB won by resignation"]

1. b3 e5 2. Bb2 Nc6 3. Nf3 Bd6 4. d4 exd4 5. Nxd4 Nf6 6. Nf5 Bb4+ 7. c3 Bf8 8. Ne3 d5 9. c4 Bb4+ 10. Nd2 Ne4 11.
Bc1 Qf6 12. f3 Qh4+ 13. g3 Nxg3 14. Ng2 Qf6 15. hxg3 Qxa1 16. cxd5 Nd4 17. Rh4 Bf5 18. Ne3 Bg6 19. a3 Bxd2+ 20. Bxd2 Qxd1+ 21. Nxd1 Nxb3 22.
Bc3 O-O 23. e4 Rad8 24. Ne3 Rfe8 25. Bb5 c6 26. dxc6 bxc6 27. Bxc6 Re6 28. Bd5 Rb6 29.
Nc4 Rbb8 30. Be5 Rbc8 31. Nd6 Rc1+ 32. Ke2 Nc5 33. g4 Rc2+ 34. Ke3 Rg2 35. Rh1 h6 36. Rc1 Nd7 37. Bf4 Nf6 38. Bb3 Rb2 39. Rc3 h5 40. e5 Nd7 41. e6 fxe6 42. Bxe6+ Kh7 43. Bg5 Re8 44. Nxe8 Bxe8 45. Rc8 Bg6 46. Bxd7 1-0

[Event "*** Titled Tuesday Blitz"]
[Site "Chess.com"]
[Date "2020.05.26"]
[Round "2"]
[White "Cambek64"]
[Black "r31415"]
[Result "1-0"]
[WhiteElo "2287"]
[BlackElo "2475"]
[TimeControl "180+1"]
[EndTime "10:18:11 PDT"]
[Termination "Cambek64 won by checkmate"]

1. e4 c6 2. d4 d5 3. e5 Bf5 4. Nf3 e6 5. Be2 Ne7 6. O-O c5 7. c3 Nd7 8. Be3 h6 9. a4 Qc7 10. a5 g5 11. Nbd2 Ng6 12. a6 b6 13. Bb5 g4 14.
Ne1 h5 15. Qa4 Rd8 16. Nd3 c4 17. Nb4 Bxb4 18. Qxb4 f6 19. exf6 Kf7 20. Bg5 Nxf6 21. Bxf6 Kxf6 22. f4 h4 23. Rae1 Bd3 24. Rf2 g3 25.
Rf3 gxh2+ 26. Kh1 Nxf4 27. b3 Rhg8 28. bxc4 Rxg2 29. Rxd3 Nxd3 30. Rf1+ Rf2 31. cxd5 Qg3 32. Ne4+ Kg6 33. Nxg3 hxg3 34. Bxd3+ Kg5 35. Rxf2 gxf2 36. Qe7+ Kf4 37. Qxd8 Ke3 38. Bf1 Kd2 39. Qg5+ Ke1 40. Qg2 exd5 41. Kxh2 b5 42. Bxb5 f1=Q 43. Bxf1 Kd1 44.
Bd3 Kc1 45. Qc2# 1-0

[Event "*** Titled Tuesday Blitz"]
[Site "Chess.com"]
[Date "2020.05.26"]
[Round "2"]
[White "ChelsieMonica"]
[Black "Gandrade2"]
[Result "1-0"]
[WhiteElo "2364"]
[BlackElo "2016"]
[TimeControl "180+1"]
[EndTime "10:18:11 PDT"]
[Termination "ChelsieMonica won on time"]

1. c4 Nf6 2. Nf3 g6 3. e3 Bg7 4. Nc3 O-O 5. Be2 d6 6. O-O c5 7. h3 Nc6 8. d4 cxd4 9. exd4 d5 10. cxd5 Nxd5 11. Be3 Bf5 12. Rc1 Rc8 13. Qd2 b6 14. Ba6 Rc7 15. Nb5 Nxd4 16. Bxd4 Rd7 17. Bxg7 Kxg7 18. Nbd4 Be4 19. Ng5 Nf6 20. Rc8 Rxd4 21.
Rxd8 Rxd2 22. Rxd2 Bd5 23. Rfd1 Bxa2 24. Re1 e6 25. b4 Bd5 26. Rc1 h6 27. Nf3 Ne4 28. Rdc2 Nd6 29. Rc7 Bxf3 30. gxf3 Nf5 31. Rd1 Nh4 32.
Be2 Kf6 33. Rdd7 a5 34. bxa5 bxa5 35. Ra7 Rb8 36. Rxa5 Rb2 37. Bd1 Rb1 38. Kh2 Rb2 39.
Ra4 Nf5 40. Kg2 g5 41. Rd3 Ne7 42. f4 Nd5 43. fxg5+ hxg5 44. Rxd5 exd5 45. Rd4 Ke5 46. Rd3 f5 47. Bf3 Rb5 48. Re3+ Kf4 49. Re7 g4 50.
hxg4 fxg4 51. Rf7+ Kg5 52. Rg7+ Kf6 53. Rxg4 Ke5 54. Rg5+ Ke6 55. Kg3 Rb4 56. Bxd5+ Kf6 57. Rg4 Rb2 58. f3 Rb3 59. Be4 Rc3 60. Kf4 Rc1 61.
Rg6+ Kf7 62. Rc6 Rf1 63. Ke5 Rg1 64. f4 Rf1 65. f5 Ke7 66. Rc7+ Kd8 67. Rb7 Re1 68.
Kd5 Rd1+ 69. Ke6 Rc1 70. Kd6 1-0

[Event "*** Titled Tuesday Blitz"]
[Site "Chess.com"]
[Date "2020.05.26"]
[Round "2"]
[White "Aya5ian"]
[Black "aisha_zakirova"]
[Result "0-1"]
[WhiteElo "2309"]
[BlackElo "1864"]
[TimeControl "180+1"]
[EndTime "10:18:11 PDT"]
[Termination "aisha_zakirova won by resignation"]

1. e4 c5 2. Nf3 d6 3. d4 cxd4 4.
Nxd4 Nf6 5. Nc3 Nc6 6. Be2 e6 7. Be3 Be7 8. O-O O-O 9. Kh1 a6 10. f4 d5 11. e5 Nd7 12. Bd3 Bc5 13. Nce2 Qh4 14. c3 Qh6 15. Qd2 f5 16. exf6 Qxf6 17. Rae1 e5 18. fxe5 Qxf1+ 19. Rxf1 Rxf1+ 20. Ng1 Rf8 21. e6 Bxd4 22. cxd4 Nb6 23. Nf3 Bxe6 24. h3 Bxh3 25.
Ng5 Bf5 26. Bxf5 Rxf5 27. Qd3 Raf8 28. g4 Rf1+ 29. Kg2 g6 30. Ne6 R8f3 31. Ng5 R1f2+ 32. Kg1 Rf1+ 33. Qxf1 Rxf1+ 34. Kxf1 Nc4 35. Bc1 Nxd4 36. b3 Ne5 37. Bb2 Ndf3 38. Ne6 Nxg4 39. Nd8 b6 40.
Nc6 h5 41. Ne7+ Kf7 42. Nxd5 h4 43. Nxb6 h3 44. Be5 Nfxe5 45. Kg1 Nf3+ 46. Kh1 h2 47. Kg2 Nf2 0-1

[Event "*** Titled Tuesday Blitz"]
[Site "Chess.com"]
[Date "2020.05.26"]
[Round "2"]
[White "aakankshachess"]
[Black "Aygehovit1992"]
[Result "0-1"]
[WhiteElo "2458"]
[BlackElo "2687"]
[TimeControl "180+1"]
[EndTime "10:18:12 PDT"]
[Termination "Aygehovit1992 won by resignation"]

1. e4 d6 2. d4 Nf6 3. Nc3 g6 4. Be3 c6 5. Bd3 Bg7 6. h3 O-O 7. f4 b5 8. e5 Nd5 9. Nxd5 cxd5 10. Nf3 Nc6 11. O-O Rb8 12. c3 b4 13. c4 dxc4 14. Bxc4 d5 15. Bd3 Qa5 16. Rc1 Bd7 17. Qb3 e6 18. Qc2 Rfc8 19. Qf2 Qxa2 20. Ra1 Qb3 21. Ba6 Rb6 22. Nd2 Qxb2 23. Rfb1 Qc2 24. Rc1 Rxa6 25. Rxc2 Rxa1+ 26. Kh2 Ra3 27. Nb1 Rb3 28. Nd2 Rc3 29.
Rxc3 bxc3 30. Nb1 Nb4 31. Bc1 Nd3 32. Qc2 Nxc1 33. Qxc1 c2 34. Na3 Ba4 35. Kg1 Bf8 36. Nxc2 Rxc2 37. Qb1 Re2 38. Qb8 Bc2 39. Qxa7 Be4 40.
g4 Rg2+ 41. Kf1 Rg3 42. Qb8 Rf3+ 43. Ke2 Rxf4 44. Qd8 Rf3 45. h4 Rf4 46. h5 Rxg4 47. hxg6 hxg6 48. Kf2 Bf5 49. Ke3 Re4+ 50. Kf3 Rxd4 51.
Kf2 Re4 52. Qb8 d4 53. Kf3 d3 54. Qd8 Re2 55. Qd4 Rc2 56. Ke3 d2 57. Ke2 Bh6 58.
Qd8+ Kh7 59. Qe8 Bg4+ 60. Kf2 d1=Q+ 0-1

[Event "*** Titled Tuesday Blitz"]
[Site "Chess.com"]
[Date "2020.05.26"]
[Round "2"]
[White "sotochess"]
[Black "adiosabu"]
[Result "1-0"]
[WhiteElo "2214"]
[BlackElo "2599"]
[TimeControl "180+1"]
[EndTime "10:18:12 PDT"]
[Termination "sotochess won by resignation"]

1. e4 c5 2. Nf3 Nc6 3. d4 cxd4 4.
Nxd4 e5 5. Nb5 a6 6. Nd6+ Bxd6 7. Qxd6 Qe7 8. Qd1 Nf6 9. Nc3 d6 10. Bg5 Be6 11. Be2 O-O 12. O-O Rfd8 13. Re1 h6 14.
Bh4 Rac8 15. a3 Nd4 16. Bd3 g5 17. Bg3 Qc7 18. h4 Kg7 19. hxg5 hxg5 20. Qd2 Nh7 21.
Rac1 f6 22. f3 Rh8 23. Bf2 Nc6 24. Nd5 Bxd5 25. exd5 Ne7 26. c4 b6 27. b4 Nf8 28.
c5 bxc5 29. bxc5 dxc5 30. Bxa6 Rd8 31. Rxc5 Qd6 32. Bb5 Nfg6 33. Bd3 Nf4 34. Rec1 Rd7 35. Bb5 Rb7 36. a4 e4 37. fxe4 Ne6 38. e5 Qxe5 39.
dxe6 Qh2+ 40. Kf1 Ng6 41. Re1 Nf4 42. Bg1 Qg3 43. Re3 Qg4 44. e7 Rh1 45. e8=N+ Kh6 46. Nxf6 Qh4 47. Rf3 Re7 48. Ng8+ Kg7 49. Nxe7 1-0

[Event "*** Titled Tuesday Blitz"]
[Site "Chess.com"]
[Date "2020.05.26"]
[Round "2"]
[White "EndGameDestroyer"]
[Black "Agent-JL"]
[Result "0-1"]
[WhiteElo "2299"]
[BlackElo "2629"]
[TimeControl "180+1"]
[EndTime "10:18:12 PDT"]
[Termination "Agent-JL won on time"]

1. e4 c6 2. d4 d5 3. e5 Bf5 4.
Nc3 e6 5. g4 Bg6 6. Nge2 h6 7.
Nf4 Bh7 8. Bd3 Bxd3 9. Nxd3 Nd7 10. Be3 Qa5 11. a3 g6 12. Qd2 Bg7 13. f4 h5 14.
f5 hxg4 15. fxe6 fxe6 16. Nf4 Nf8 17. Qd3 Ne7 18. b4 Qc7 19. O-O-O Nf5 20. Rdg1 g5 21.
Nxe6 Nxe6 22. Qxf5 Qf7 23. Qxf7+ Kxf7 24. Rxg4 Rh3 25.
Kd2 Kg6 26. b5 Rd8 27. a4 Bxe5 28. dxe5 d4 29. Ne4 dxe3+ 30. Kc1 Kf5 31. Rhg1 Nf4 32. Nd6+ Rxd6 33. Rxg5+ Ke4 34. exd6 Ne2+ 35. Kd1 Nxg1 36. d7 e2+ 37. Ke1 Nf3+ 38. Kxe2 Rxh2+ 39. Kf1 Rd2 40. bxc6 bxc6 41. Rc5 Ke3 42. Rc3+ Kf4 43. Rd3 Rh2 0-1

[Event "*** Titled Tuesday Blitz"]
[Site "Chess.com"]
[Date "2020.05.26"]
[Round "2"]
[White "talaicito"]
[Black "Lector118"]
[Result "0-1"]
[WhiteElo "2161"]
[BlackElo "2415"]
[TimeControl "180+1"]
[EndTime "10:18:12 PDT"]
[Termination "Lector118 won by checkmate"]

1. d4 Nf6 2. Nc3 d5 3. Bf4 e6 4. e3 Bb4 5. a3 Bxc3+ 6. bxc3 c5 7. f3 Qa5 8. Qd2 Nc6 9. g4 Bd7 10.
Rb1 b6 11. h4 Qxa3 12. Bb5 Na5 13. Bxd7+ Nxd7 14. Ne2 Nc4 15. Qd3 Qa4 16. O-O Qc6 17. e4 O-O 18. Ng3 Rad8 19. Kh2 e5 20. exd5 Qxd5 21. dxe5 Ndxe5 22. Qxd5 Rxd5 23. Ne4 h6 24.
Kg3 Ng6 25. Bc1 Re8 26. h5 Nf8 27. Rg1 Ne6 28. Kf2 Nd6 29. Ng3 c4 30. Ra1 a5 31.
Be3 Nc5 32. Rgd1 Rxd1 33. Rxd1 Ndb7 34. Nf5 a4 35. Rb1 a3 36. Bxc5 Nxc5 37. Ra1 Ra8 38. Ra2 Nb3 39. Ke3 Nc1 40. Ra1 Nb3 41. Ra2 Kf8 42. Nd4 Nc5 43. Nb5 Ra5 44. Nc7 b5 45. Kd4 Nd7 46. Nd5 Ke8 47. Nb4 Ra8 48. Ra1 Ke7 49. Re1+ Kd6 50. Na2 Nb6 51. f4 Nd5 52. f5 Nf6 53. Rg1 Re8 54. g5 Re4# 0-1

[Event "*** Titled Tuesday Blitz"]
[Site "Chess.com"]
[Date "2020.05.26"]
[Round "2"]
[White "MoonlighT89"]
[Black "rpragchess"]
[Result "0-1"]
[WhiteElo "2540"]
[BlackElo "2846"]
[TimeControl "180+1"]
[EndTime "10:18:13 PDT"]
[Termination "rpragchess won by resignation"]

1. e4 c5 2. Nc3 Nc6 3. Nf3 d6 4. Bb5 Bd7 5. a4 Nf6 6. O-O e6 7. Re1 Be7 8. d3 O-O 9. Bg5 Rc8 10. a5 a6 11. Bxc6 Bxc6 12. e5 Nd7 13. Bxe7 Qxe7 14. exd6 Qxd6 15. Qe2 e5 16. Nxe5 Rce8 17. Nc4 Rxe2 18.
Nxd6 Rxc2 19. Re2 Rxe2 20. Nxe2 Ne5 21. d4 Nd3 22. dxc5 Nxc5 23. Nd4 Rd8 24. Nxc6 Rxd6 25. Ne5 g6 26. h4 Rd5 27. Nf3 Nb3 28. Re1 Nxa5 29.
Re7 Rb5 30. Ng5 Nc6 31. Rc7 Rxb2 32. Rxf7 a5 33. Rxh7 a4 34. Rc7 a3 35. Ne4 a2 36.
Nf6+ Kf8 37. Re7 Kxe7 0-1

[Event "*** Titled Tuesday Blitz"]
[Site "Chess.com"]
[Date "2020.05.26"]
[Round "2"]
[White "lolo9292"]
[Black "Shield12"]
[Result "1-0"]
[WhiteElo "2549"]
[BlackElo "2815"]
[TimeControl "180+1"]
[EndTime "10:18:13 PDT"]
[Termination "lolo9292 won by resignation"]

1. d4 Nf6 2. c4 e6 3. Nc3 Bb4 4. Nf3 b6 5. Bd2 Bb7 6. e3 O-O 7. Bd3 c5 8. a3 Ba5 9. O-O Qe7 10.
Qe2 d6 11. Rab1 Bxc3 12. Bxc3 Ne4 13. Be1 Nd7 14. Rd1 Rad8 15. Bb1 f5 16. Nd2 Nef6 17. f3 Rfe8 18. Bf2 Nf8 19. Rfe1 Ng6 20. Nf1 Qf7 21. Ng3 h6 22. d5 exd5 23. Nxf5 d4 24. Qc2 dxe3 25. Bxe3 d5 26. Nxh6+ gxh6 27. Qxg6+ Qxg6 28. Bxg6 Re6 29. Bxh6 Rxe1+ 30. Rxe1 dxc4 31. Re7 Rd7 32. Rxd7 Nxd7 33. Bf5 Ne5 34. Be6+ Kh7 35. Bd2 b5 36. f4 Ng6 37. g3 Ne7 38. g4 Bd5 39. Bd7 a6 40. h4 Be4 41. f5 Nd5 42. g5 b4 43. axb4 cxb4 44. h5 c3 45. g6+ Kh8 46.
bxc3 b3 47. Bc1 Nf6 48. Be6 Nxh5 49. c4 Kg7 50. c5 a5 51. Kf2 a4 52. Ke3 Bc6 53.
Kd4 Ng3 54. Ke5 Nf1 55. f6+ Kxg6 56. f7 Kg7 57. Bh6+ 1-0

[Event "*** Titled Tuesday Blitz"]
[Site "Chess.com"]
[Date "2020.05.26"]
[Round "2"]
[White "wonderfultime"]
[Black "iLuusions"]
[Result "1-0"]
[WhiteElo "2971"]
[BlackElo "2585"]
[TimeControl "180+1"]
[EndTime "10:18:15 PDT"]
[Termination "wonderfultime won by resignation"]

1. d4 Nf6 2. Nf3 e6 3. Bf4 d5 4.
e3 Bd6 5. Bg3 O-O 6. c4 b6 7.
Nc3 a6 8. cxd5 exd5 9. Bd3 Bb7 10.
O-O Qe7 11. Bh4 Nbd7 12. Qc2 h6 13.
Rae1 g5 14. Bg3 Rfe8 15. Ne2 Ne4 16. Bxd6 Qxd6 17. Ng3 Nxg3 18. hxg3 Nf6 19. Ne5 c5 20. Bf5 Ne4 21. g4 f6 22. Nf3 Kg7 23. dxc5 bxc5 24. Rc1 Bc8 25. Bxe4 dxe4 26. Nh2 Be6 27. Rfd1 Qe5 28.
Qxc5 Qxb2 29. Rb1 Qe5 30. Rb7+ Kg8 31. Qxe5 fxe5 32. Nf1 Red8 33. Rxd8+ Rxd8 34. Ng3 Bxg4 35. Nxe4 Rd1+ 36. Kh2 Be6 37. Rb6 Bxa2 38. Rxa6 Bc4 39.
Rxh6 Kg7 40. Rb6 Bf7 41. Nxg5 Bg6 42. Rb7+ Kf6 43. Nf3 Bh5 44. Rb6+ Kf5 45. Nh4+ Kg4 46. Nf3 Kf5 47. Kg3 Rd8 48. Nh4+ Kg5 49. f4+ 1-0

[Event "*** Titled Tuesday Blitz"]
[Site "Chess.com"]
[Date "2020.05.26"]
[Round "2"]
[White "SCIM"]
[Black "LiamVrolijk"]
[Result "0-1"]
[WhiteElo "2515"]
[BlackElo "2788"]
[TimeControl "180+1"]
[EndTime "10:18:15 PDT"]
[Termination "LiamVrolijk won by resignation"]

1. d4 d5 2. c4 e6 3. Nf3 Nf6 4.
g3 Be7 5. Bg2 O-O 6. O-O dxc4 7.
Qc2 b5 8. a4 b4 9. Nfd2 Nd5 10.
Nxc4 c5 11. e4 Nf6 12. dxc5 Ba6 13. Bg5 Nbd7 14. c6 Rc8 15. Nbd2 Rxc6 16. Rac1 Ne5 17. b3 Nxc4 18. Nxc4 Bxc4 19. bxc4 Nd7 20. Bxe7 Qxe7 21. e5 Rc7 22. f4 Rfc8 23. Qd2 Rxc4 24. Rxc4 Rxc4 25.
Rd1 Nf8 26. Qd6 Qc7 27. Qxc7 Rxc7 28. Rd8 Rc1+ 29. Kf2 Rc2+ 30. Kf1 b3 31. Be4 Rc4 32. Bd3 Rxa4 33. Rb8 Ra3 34. f5 exf5 35. e6 fxe6 36. Bc4 Kf7 37. Bxb3 Ra6 38. Rb7+ Kf6 39. Bc4 Rc6 40.
Bd3 Ng6 41. Rxa7 Ne5 42. Be2 h6 43. Kf2 Rc2 44. Ke3 Rb2 45. h4 Rb3+ 46. Kf2 g5 47. hxg5+ hxg5 48. Ra8 Ng6 49. Ra7 Rb2 50. Ra6 Ne7 51.
Ke3 Nd5+ 52. Kf3 g4+ 53. Kf2 Nc3 0-1

[Event "*** Titled Tuesday Blitz"]
[Site "Chess.com"]
[Date "2020.05.26"]
[Round "2"]
[White "AlexTriapishko"]
[Black "ChessicallyInclined"]
[Result "0-1"]
[WhiteElo "2734"]
[BlackElo "2510"]
[TimeControl "180+1"]
[EndTime "10:18:16 PDT"]
[Termination "ChessicallyInclined won on time"]

1. d4 Nf6 2. c4 e6 3. Nf3 b6 4. a3 Bb7 5. Nc3 d5 6. cxd5 Nxd5 7. Qc2 Nd7 8. e4 Nxc3 9. bxc3 c5 10. Bd3 Rc8 11. Qe2 Qc7 12. O-O Be7 13. e5 cxd4 14.
cxd4 Bd5 15. Bd2 O-O 16. Bb4 Rfe8 17. Bxe7 Rxe7 18. Ng5 h6 19. Ne4 Bxe4 20. Qxe4 Nf8 21. Ba6 Rd8 22. Rac1 Qd7 23. Rc4 Qd5 24. Qxd5 Rxd5 25.
a4 Red7 26. Bb5 Rxd4 27. Rc8 R7d5 28. Ra8 a5 29. Re1 Rd1 30. Rxd1 Rxd1+ 31. Bf1 g6 32. Rb8 Rb1 33. g3 Kg7 34. Kg2 Nd7 35. Rb7 Nc5 36. Rc7 Nxa4 37. Ba6 Nc5 38. Bc4 a4 39. Ra7 Rb4 40. Bf1 b5 41. f4 Rb2+ 42. Kf3 b4 43. Rc7 Rc2 44. Ke3 b3 45. Kd4 b2 0-1

[Event "*** Titled Tuesday Blitz"]
[Site "Chess.com"]
[Date "2020.05.26"]
[Round "2"]
[White "anon569"]
[Black "IriBu"]
[Result "1-0"]
[WhiteElo "2267"]
[BlackElo "2556"]
[TimeControl "180+1"]
[EndTime "10:18:16 PDT"]
[Termination "anon569 won on time"]

1. e4 Nf6 2. e5 Nd5 3. d4 d6 4. c4 Nb6 5. exd6 cxd6 6. Nc3 g6 7.
h3 Bg7 8. Nf3 O-O 9. Be2 Bf5 10.
O-O d5 11. c5 Nc8 12. b4 a6 13. Be3 Nc6 14. Qb3 Be4 15. Rfd1 Bxf3 16. Bxf3 e6 17. a4 N8e7 18. b5 Na5 19. Qc2 Nf5 20. Ne2 Nc4 21. Qb3 Ncxe3 22. fxe3 Bh6 23. e4 dxe4 24. Bxe4 axb5 25. Qxb5 Rb8 26. Qd3 Qf6 27. Qf3 Qe7 28. Rab1 Rfd8 29. Bxb7 Be3+ 30. Kh1 Bxd4 31. Nxd4 Nxd4 32. Qc3 e5 33. c6 Qc7 34. a5 Ne2 35. Qe3 Nf4 36. a6 Nd5 37. Rxd5 Rxd5 38. a7 Rbd8 39. a8=Q Rxa8 40. Bxa8 Qd6 41. Bb7 Kg7 42. Rf1 f5 43. Qc3 Kf6 44. c7 Rd1 45. Ba6 Rxf1+ 46. Bxf1 1-0

[Event "*** Titled Tuesday Blitz"]
[Site "Chess.com"]
[Date "2020.05.26"]
[Round "2"]
[White "tamarozi99"]
[Black "Cocaino74"]
[Result "0-1"]
[WhiteElo "2009"]
[BlackElo "2362"]
[TimeControl "180+1"]
[EndTime "10:18:16 PDT"]
[Termination "Cocaino74 won on time"]

1. e4 c5 2. Nf3 Nc6 3. d4 cxd4 4.
Nxd4 g6 5. c4 Nf6 6. Nc3 d6 7.
Be2 Nxd4 8. Qxd4 Bg7 9. Be3 O-O 10. Qd3 Be6 11. Rc1 Qa5 12. O-O Rfc8 13. b3 Nd7 14. f4 Nc5 15. Qc2 Bxc3 16. Qxc3 Qxc3 17. Rxc3 Nxe4 18. Rc2 h5 19. Bf3 Bf5 20. Re2 a5 21. Bd4 Nc5 22. Rxe7 Kf8 23. Rfe1 Ne6 24. R7xe6 Bxe6 25. Bxb7 a4 26. Bxc8 Rxc8 27. Rb1 axb3 28. axb3 Rb8 29.
Rb2 Ke7 30. Kf2 f6 31. Ke3 g5 32. fxg5 fxg5 33. g3 Kf7 34. h4 gxh4 35. gxh4 Kg6 36.
Kd3 Kf5 37. Kc3 Kg4 38. Bf6 Rf8 39. Be7 Rf3+ 40. Kb4 Rd3 41. Rg2+ Kh3 42. Re2 Bg4 43. Re4 Bd1 44. Ka5 Rxb3 0-1

[Event "*** Titled Tuesday Blitz"]
[Site "Chess.com"]
[Date "2020.05.26"]
[Round "2"]
[White "Harsha_Bharathakoti"]
[Black "lelajavakhishvili"]
[Result "1-0"]
[WhiteElo "2754"]
[BlackElo "2499"]
[TimeControl "180+1"]
[EndTime "10:18:17 PDT"]
[Termination "Harsha_Bharathakoti won by resignation"]

1. d4 Nf6 2. c4 e6 3. Nf3 b6 4.
g3 Bb7 5. Bg2 Be7 6. O-O O-O 7.
Nc3 Ne4 8. Bd2 d6 9. Re1 Nd7 10. h4 c5 11. d5 exd5 12. cxd5 Nxd2 13. Nxd2 Bf6 14. Nde4 Qe7 15. a4 a6 16. Qb3 Rfe8 17. e3 Be5 18. Nd2 Rab8 19. Nc4 Ba8 20. f4 Bf6 21. e4 Bd4+ 22. Kh2 Nf6 23. Bf3 Qd7 24. Nxb6 Ng4+ 25. Kg2 Qc7 26. a5 Ne3+ 27. Rxe3 Bxe3 28.
Qc4 Bb7 29. Ne2 Bc8 30. Qc3 Rxb6 31. axb6 Qxb6 32. Qxe3 Qxb2 33. Qc3 Qb5 34. Ra2 Bd7 35. Rb2 Qa4 36. h5 h6 37. e5 Bb5 38. exd6 Qd1 39.
Qd2 Qa1 40. Kf2 Rd8 41. Nc3 Bc4 42. Be2 Bxe2 43. Qxe2 Qa5 44. Qd2 Rxd6 45. Ne4 Rd8 46. Qxa5 1-0

[Event "*** Titled Tuesday Blitz"]
[Site "Chess.com"]
[Date "2020.05.26"]
[Round "2"]
[White "kinga2008"]
[Black "Paladin61"]
[Result "0-1"]
[WhiteElo "2217"]
[BlackElo "2619"]
[TimeControl "180+1"]
[EndTime "10:18:17 PDT"]
[Termination "Paladin61 won by checkmate"]

1. e4 c5 2. Nf3 d6 3. c3 Nf6 4. Bd3 Nc6 5. Bc2 Bg4 6. O-O g6 7. h3 Bxf3 8. Qxf3 Bg7 9. d3 O-O 10. Nd2 b5 11. Qe3 Ne8 12. Nb3 Nc7 13. d4 cxd4 14.
cxd4 a5 15. a4 Qd7 16. Bd2 bxa4 17. Rxa4 Nb4 18. Rxb4 axb4 19. Bxb4 Rfb8 20. Bc3 Nb5 21. f4 Ra2 22. Qd3 Nxc3 23. bxc3 Qb5 24. c4 Qb4 25. Rb1 Qa3 26. e5 Rd8 27. e6 f5 28.
g4 Rf8 29. gxf5 Rxf5 30. Qd2 Qa7 31. c5 dxc5 32. dxc5 Rxc5 33. Nxc5 Qxc5+ 34. Kh1 Rxc2 35. Rb8+ Bf8 36. Qd8 Qc6+ 37. Kg1 Qg2# 0-1

[Event "*** Titled Tuesday Blitz"]
[Site "Chess.com"]
[Date "2020.05.26"]
[Round "2"]
[White "WhiteCapital80"]
[Black "Larina_Marija"]
[Result "1-0"]
[WhiteElo "2404"]
[BlackElo "2127"]
[TimeControl "180+1"]
[EndTime "10:18:17 PDT"]
[Termination "WhiteCapital80 won on time"]

1. e4 d5 2. exd5 Qxd5 3. Nc3 Qa5 4. Nf3 Nf6 5. d4 Bf5 6. Bc4 e6 7. O-O Be7 8. Ne2 O-O 9. Ng3 Bg6 10. c3 c5 11. Qe2 cxd4 12. Nxd4 Re8 13. Re1 Nbd7 14. Bf4 e5 15. Ndf5 Bf8 16. Bd2 Rad8 17.
b4 Qc7 18. Bb3 e4 19. h4 Qe5 20. Nd4 h6 21. Rad1 Nb6 22. Qb5 Qb8 23. h5 Bh7 24. Ndf5 Re5 25. Bf4 Rxb5 26. Bxb8 Rxb8 27. f4 Bxf5 28.
a4 Bg4 29. axb5 Bxd1 30. Rxd1 Be7 31. Nf5 Kf8 32. Kf2 Rd8 33. Rxd8+ Bxd8 34. Nd6 Nfd5 35. Nxe4 f5 36. Nd6 Nxc3 37. Nxb7 Be7 38. Nc5 Nbd5 39.
Kf3 Nxb4 40. Ne6+ Ke8 41. Nxg7+ Kd7 42. Nxf5 Bf8 43. g4 Nxb5 44. g5 Nd6 45. Nxh6 Bxh6 46. gxh6 Nc6 47. h7 Nd4+ 48. Kg4 Nxb3 49. h8=Q Nc5 50.
Qg7+ Kc6 51. Qxa7 Kd5 52. h6 1-0

[Event "*** Titled Tuesday Blitz"]
[Site "Chess.com"]
[Date "2020.05.26"]
[Round "2"]
[White "ftorodent"]
[Black "rynos0411"]
[Result "1-0"]
[WhiteElo "2664"]
[BlackElo "2342"]
[TimeControl "180+1"]
[EndTime "10:18:19 PDT"]
[Termination "ftorodent won by resignation"]

1. d4 Nf6 2. c4 e6 3. Nf3 d5 4. Nc3 Bb4 5. Qa4+ Nc6 6. e3 O-O 7. Bd2 Bd7 8. Qc2 a6 9. Be2 Ne7 10. O-O c5 11. dxc5 Rc8 12. cxd5 exd5 13. a3 Bxc5 14. b4 Bd6 15. Qb2 Ne4 16. Rfd1 Qc7 17.
Rac1 Qb8 18. Be1 Be6 19. h3 Rfd8 20. Na4 Ng6 21. Rxc8 Rxc8 22. Nb6 Rd8 23. a4 Ne5 24. Nd4 Nc4 25. Bxc4 dxc4 26. Nxe6 fxe6 27. Kf1 Qc7 28. Qd4 Be7 29. Qxe4 Rxd1 30. Qxe6+ Kf8 31. Nd5 Qd6 32. Qf5+ Kg8 33. Nxe7+ Qxe7 34. Qc8+ Rd8 35. Qxc4+ Kh8 36. Bc3 Qd7 37. Bd4 b5 38. axb5 axb5 39. Qe2 Qc6 40.
Kg1 Ra8 41. Bc5 Rd8 42. Bd4 Ra8 43. Qg4 Rg8 44. Kh2 Qc4 45. Qd7 Qxb4 46. h4 Qf8 47. h5 Qe8 48. Bxg7+ 1-0

[Event "*** Titled Tuesday Blitz"]
[Site "Chess.com"]
[Date "2020.05.26"]
[Round "2"]
[White "awesomevishesh"]
[Black "mohssenbinaddi"]
[Result "1-0"]
[WhiteElo "2422"]
[BlackElo "2189"]
[TimeControl "180+1"]
[EndTime "10:18:19 PDT"]
[Termination "awesomevishesh won on time"]

1. d4 Nf6 2. c4 c6 3. Nf3 d5 4. e3 g6 5. Nc3 Bg7 6. Be2 O-O 7. O-O dxc4 8. Bxc4 b5 9. Be2 a6 10. a3 Nbd7 11. e4 Qc7 12. e5 Nd5 13. Nxd5 cxd5 14. Bg5 Nb6 15. Rc1 Qd7 16. b3 Bb7 17. Qd2 Rac8 18. Qa5 Na8 19. a4 f6 20. exf6 exf6 21. Be3 Nc7 22. Ne1 f5 23. Nd3 f4 24. Bxf4 Ne6 25.
Ne5 Qd6 26. Be3 Nxd4 27. Bxd4 Bxe5 28. Bxe5 Qxe5 29. Rxc8 Rxc8 30. Bg4 Rf8 31. Qb6 Bc8 32. Bxc8 Rxc8 33. Qxa6 Rc3 34. Qxb5 Qe4 35. h3 d4 36. Qb4 Qc2 37. Qxd4 Qxb3 38. Re1 Rc8 39. Qd7 Rf8 40. f3 Qb6+ 41. Kh1 Qf2 42. Rd1 Qe2 43. Qd5+ Rf7 44. a5 1-0

[Event "*** Titled Tuesday Blitz"]
[Site "Chess.com"]
[Date "2020.05.26"]
[Round "2"]
[White "HouseOfDurin"]
[Black "DrBergerBerger"]
[Result "0-1"]
[WhiteElo "2043"]
[BlackElo "2371"]
[TimeControl "180+1"]
[EndTime "10:18:19 PDT"]
[Termination "DrBergerBerger won by resignation"]

1. d4 d5 2. Bg5 c5 3. c3 Qb6 4. Qd2 h6 5. Bh4 Bf5 6. e3 e6 7. f4 Nd7 8. dxc5 Bxc5 9. Bf2 a5 10. Ne2 Ngf6 11. Ng3 Ne4 12. Nxe4 Bxe4 13. Be2 Nf6 14. Bf3 g5 15. h3 gxf4 16. exf4 Bxf3 17. gxf3 Bxf2+ 18. Qxf2 Qxf2+ 19. Kxf2 Rg8 20. Nd2 Ke7 21. Rhg1 Nh5 22.
Ke3 Ng7 23. Nb3 Nf5+ 24. Kd3 a4 25. Nd4 Nxd4 26. Kxd4 Kd6 27. Rg4 h5 28. Rg5 f6 29.
Rgg1 e5+ 30. fxe5+ fxe5+ 31. Ke3 b5 32. Raf1 Kc5 33. Rxg8 Rxg8 34. f4 Rg3+ 35. Rf3 d4+ 36. Ke4 Rxf3 37. Kxf3 exf4 38. cxd4+ Kxd4 39. Kxf4 Kd3 40.
Kg5 Kc2 41. Kxh5 Kxb2 42. Kg5 b4 43. h4 b3 44. h5 bxa2 45. h6 a1=Q 46. h7 Kb1 47.
Kg6 Qh8 48. Kh6 a3 49. Kg6 a2 50.
Kh6 a1=Q 51. Kg6 Qag7+ 0-1

[Event "*** Titled Tuesday Blitz"]
[Site "Chess.com"]
[Date "2020.05.26"]
[Round "2"]
[White "TargetA"]
[Black "mrkvoz"]
[Result "0-1"]
[WhiteElo "2541"]
[BlackElo "2847"]
[TimeControl "180+1"]
[EndTime "10:18:20 PDT"]
[Termination "mrkvoz won on time"]

1. e4 d6 2. d4 Nf6 3. Nc3 e5 4. Nf3 Nc6 5. Bb5 exd4 6. Nxd4 Bd7 7. O-O Be7 8. Re1 Nxd4 9. Bxd7+ Nxd7 10. Qxd4 O-O 11.
Nd5 Re8 12. Nxe7+ Qxe7 13. Bf4 Qf6 14. Qxf6 Nxf6 15. f3 a5 16. a4 Nd7 17. b3 f6 18.
Rad1 Kf7 19. Rd5 b6 20. Red1 Nc5 21. Be3 Re6 22. Bxc5 bxc5 23. Kf2 Rb8 24. R1d3 Rb4 25. Rc3 Re8 26. Ke3 Ke6 27. Kd2 Reb8 28. Kc1 c6 29. Rd1 c4 30. Kb2 c5 31. Ka3 cxb3 32.
cxb3 h5 33. Rcd3 R8b6 34. Rc1 h4 35. g3 hxg3 36. hxg3 Rb8 37. Rcd1 R4b6 38. f4 Rh8 39. Kb2 Rh2+ 40. Kc3 Re2 41. Rh1 Rxe4 42. Rh8 Rxb3+ 43.
Kxb3 c4+ 44. Kc3 cxd3 45. Kxd3 Rxa4 46. Rg8 Ra3+ 47. Ke4 Rxg3 48. f5+ Kf7 49. Rd8 Ke7 50. Ra8 Rg4+ 51. Kd5 a4 52. Ra7+ Kf8 53. Kxd6 Kg8 54. Ra8+ Kh7 55. Ke6 Re4+ 56. Kf7 Rb4 57. Ra7 Kh6 58.
Kg8 Rb8+ 59. Kf7 Rb5 60. Kg8 Rxf5 61. Rxg7 Rg5 62. Kh8 Ra5 63. Rh7+ Kg6 64. Rg7+ Kf5 65.
Rh7 Ra8+ 0-1